 Dungeon Crawl Stone Soup version 0.20.1-1-g8b1a95d (webtiles) character file.

55 thedude7 the Skirmisher (level 3, 0/33 HPs)
             Began as a Hill Orc Fighter on Nov 5, 2017.
             Slain by an iguana (7 damage)
             ... on level 4 of the Dungeon.
             The game lasted 00:05:27 (867 turns).

thedude7 the Skirmisher (Hill Orc Fighter)           Turns: 867, Time: 00:05:28

Health: 0/33       AC:  6    Str: 19    XL:     3   Next: 93%
Magic:  3/3        EV:  7    Int:  8    God:
Gold:   20         SH:  9    Dex: 10    Spells: 2/2 levels left

rFire    . . .     SeeInvis .   a - +0 war axe
rCold    . . .     Gourm    .   c - +0 shield
rNeg     . . .     Faith    .   b - +0 scale mail
rPois    .         Spirit   .   (no helmet)
rElec    .         Reflect  .   (no cloak)
rCorr    .         Harm     .   (no gloves)
MR       .....                  (no boots)
Stlth    ..........             (no amulet)
Regen    0.2/turn               (no ring)
MPRegen  0.1/turn               (no ring)

@: no status effects
A: no striking features
a: no special abilities


You were on level 4 of the Dungeon.
You were not hungry.

You visited 1 branch of the dungeon, and saw 4 of its levels.

You collected 20 gold pieces.

Inventory:

Hand Weapons
 a - a +0 war axe (weapon)
 q - a +3 short sword
Missiles
 e - 2 throwing nets (quivered)
 p - 24 bolts
Armour
 b - a +0 scale mail (worn)
 c - a +0 shield (worn)
 n - a +0 cloak
Magical Staves
 k - an uncursed staff of summoning {unknown}
Scrolls
 i - a scroll of noise
 m - a scroll of remove curse
 r - a scroll of fog {unknown}
 s - a scroll of enchant armour {unknown}
 t - a scroll of fear {unknown}
 u - a scroll of random uselessness {unknown}
Potions
 d - a potion of might
 g - 2 potions of haste {unknown}
 h - a potion of curing {unknown}
 j - a potion of magic {unknown}
 l - 2 potions of mutation {unknown}
 o - a potion of resistance {unknown}
Comestibles
 f - 2 bread rations


   Skills:
 + Level 4.2 Fighting
 + Level 4.0 Axes
 + Level 3.5 Armour
 + Level 0.2 Dodging
 + Level 3.7 Shields


You had 2 spell levels left.
You didn't know any spells.

Dungeon Overview and Level Annotations

Branches:
Dungeon (3/15)

Altars:
Dithmenos
Okawaru
Trog
Uskayaw


Message History

Your shield prevents you from hitting the iguana.
The hound bites you but does no damage. The iguana bites you!
The hound bites you. You block the iguana's attack.
You miss the hound. You hit the ball python skeleton.
You barely miss the iguana. You block the hound's attack.
The ball python skeleton bites you but does no damage.
The ball python skeleton grabs you.
The ball python skeleton constricts you.
The hound barely misses you. The iguana bites you!
You slash the ball python skeleton!
You destroy the ball python skeleton!
Your Axes skill increases to level 4!
You hit the iguana.
Your shield and scale mail prevent you from hitting the hound. x2
You block the hound's attack. The hound closely misses you.
The iguana bites you!
* * * LOW HITPOINT WARNING * * *
The hound bites you but does no damage. You block the hound's attack.
The iguana bites you!
You die...

#.#.#......#
###.#........#
#.....#.#...##
#[##.##.#.###########
#>.......<..........#
#.###########....##.#
# #....# #..h.#
#.@J.# #.hl.#
................
###########...#. ...#
..# .%# ##


You could see an iguana, 2 hounds and an ooze.

Vanquished Creatures
  An adder (D:2)
  An ooze (D:1)
  A dart slug (D:2)
  A leopard gecko (D:4)
  4 orcs (D:3)
  7 bats
  3 giant cockroaches
  2 goblins
  3 hobgoblins
  A quokka (D:4)
  A ball python skeleton (D:4)
  A frilled lizard (D:2)
  5 kobolds
  2 rats (D:2)
33 creatures vanquished.

Notes
Turn   | Place    | Note
-------+----------+-------------------------------------------
     0 | D:1      | thedude7 the Hill Orc Fighter began the quest for the Orb.
     0 | D:1      | Reached XP level 1. HP: 19/19 MP: 1/1
    44 | D:1      | Reached XP level 2. HP: 27/27 MP: 2/2
   227 | D:2      | Reached XP level 3. HP: 18/33 MP: 3/3
   408 | D:2      | Found a hide-covered altar of Uskayaw.
   416 | D:2      | Found a shadowy altar of Dithmenos.
   416 | D:2      | Found an iron altar of Okawaru.
   419 | D:2      | Found a bloodstained altar of Trog.
   812 | D:3      | You fall through a shaft!
   867 | D:4      | Slain by an iguana

Skill      XL: |  1  2  3 |
---------------+----------+-----
Fighting       | 4 |  4.2
Axes           | 3 4 |  4.0
Armour         | |  3.5
Dodging        | |  0.2
Shields        | |  3.7

Action                   || total
-------------------------++-------
Melee: War axe           ||   100
Throw: Throwing net      ||     1
  Use: Potion            ||     1
       Scroll            ||     4
Armor: Scale mail        ||    84
Dodge: Dodged            ||    53
Block: Shield            ||    85
